 Dungeon Crawl Stone Soup version 0.28-a0-1638-g9123634e07 (webtiles) character file.

Game seed: 10182571641682858911

65 HallandMoats the Skirmisher (level 4, 0/40 HPs)
             Began as a Ghoul Fighter on Jan 25, 2022.
             Was a Believer of Lugonu.
             Slain by an orc wizard (4 damage)
             ... on level 3 of the Dungeon.
             The game lasted 00:02:01 (1943 turns).

HallandMoats the Skirmisher (Ghoul Fighter)         Turns: 1943, Time: 00:02:01

Health: 0/40       AC:  7    Str: 19    XL:     4   Next: 13%
Magic:  3/3        EV:  9    Int:  5    God:    Lugonu [**....]
Gold:   30         SH:  4    Dex: 12    Spells: 3/3 levels left

rFire   . . .      SeeInvis +   j - +0 dagger of the Skies Above {flame, rC- rCorr Dex+4 SInv}
rCold   . . .      Faith    .   b - +0 buckler
rNeg    + + +      Spirit   .   a - +0 scale mail
rPois   ∞          Reflect  .   (no helmet)
rElec   .          Harm     .   (no cloak)
rCorr   +          Rampage  .   l - +0 pair of gloves
Will    .....                   (no boots)
Stlth   ..........              (no amulet)
HPRegen 0.00/turn               (no ring)
MPRegen 0.08/turn               (no ring)

@: inhibited regen
A: claws 1, cold resistance 1, negative energy resistance 3, inhibited
regeneration, torment resistance 2
a: Renounce Religion, Depart the Abyss, Bend Space


You were on level 3 of the Dungeon.
You worshipped Lugonu.
Lugonu was pleased with you.
You visited 1 branch of the dungeon, and saw 3 of its levels.

You collected 96 gold pieces.
You spent 66 gold pieces at shops.

Inventory:

Hand Weapons
 j - the +0 dagger of the Skies Above (weapon) {flame, rC- rCorr Dex+4 SInv}
   (You found it on level 2 of the Dungeon)

   It burns those it strikes, dealing additional fire damage.
   Dex:       It affects your dexterity (+4).
   rC:        It makes you vulnerable to cold.
   SInv:      It lets you see invisible.
   rCorr:     It protects you from acid and corrosion.
Missiles
 e - 5 curare-tipped darts (quivered)
Armour
 a - a +0 scale mail (worn)
 b - a +0 buckler (worn)
 l - a +0 pair of gloves (worn)
Scrolls
 d - 2 scrolls of vulnerability {unknown}
 f - a scroll of amnesia {unknown}
 g - 4 scrolls of identify
 i - a scroll of silence {unknown}
 k - a scroll of fog {unknown}
 m - a scroll of teleportation {unknown}
Potions
 c - a potion of might
 h - a potion of attraction {unknown}


   Skills:
 * Level 3.9 Fighting
 * Level 1.0 Throwing
 + Level 2.9 Armour
 + Level 0.6 Dodging
 + Level 2.9 Shields
 - Level 2.7 Unarmed Combat
 + Level 1.0 Invocations


You had 3 spell levels left.
You didn't know any spells.
Your spell library contained the following spells:

 Spells                   Type           Power      Damage    Failure   Level
 Blink                    Tloc           0%         N/A       97%         2
 Lesser Beckoning         Tloc           0%         N/A       99%         3
 Manifold Assault         Tloc           0%         N/A       100%        5


Dungeon Overview and Level Annotations

Branches:
Dungeon (3/15)

Altars:
Zin
Lugonu

Shops:
D:2 ?   D:3 :


Innate Abilities, Weirdness & Mutations

You thrive by killing the living.
You are immune to poison.
You have sharp fingernails.
Your flesh is cold resistant. (rC+)
You are immune to negative energy. (rN+++)
You do not regenerate when monsters are visible.
You are immune to unholy pain and torment.


Message History

The orc wizard closely misses you.
You barely miss the orc wizard.
The orc wizard is almost dead.
The orc wizard hits you but does no damage.
You hit the orc wizard but do no damage.
The orc wizard is almost dead.
The orc wizard barely misses you.
The orc wizard hits you with a +0 dagger.
You hit the orc wizard but do no damage.
The orc wizard is almost dead.
An orc comes into view. It is wielding a +0 dagger.
The orc wizard barely misses you.
The orc shouts!
You hit the orc wizard but do no damage.
The orc wizard is almost dead.
You block the orc wizard's attack.
You hit the orc wizard but do no damage.
The orc wizard is almost dead.
A rat comes into view.
The orc wizard gestures at you while chanting.
The puff of flame hits you!
* * * LOW HITPOINT WARNING * * *
You barely miss the orc wizard.
The orc wizard is almost dead.
An orc comes into view.
It is wielding a +2 hand axe of electrocution.
An orc priest comes into view. It is wielding a +0 flail.
The orc wizard hits you but does no damage.
You hit the orc wizard but do no damage.
The orc wizard is severely wounded.
The orc wizard gestures at you while chanting.
The puff of flame hits you.
* * * LOW HITPOINT WARNING * * *
You closely miss the orc wizard.
The orc wizard is severely wounded.
A kobold comes into view. It is wielding a +0 dagger.
The orc wizard hits you but does no damage.
You closely miss the orc wizard.
The orc wizard is severely wounded.
The orc wizard hits you with a +0 dagger.
You die...

## .. ### . ..#
. #. #.#
#.##.##.#
........#
.....#.o########
#..K.rogo@...#
#....o######.#
........# #.#
.##....## #.#
....... #.#
####.## #.# #.
##.## ##+##
#...# ##...##
###...#


You could see an orc priest, an orc wizard, 2 orcs, a hobgoblin, a kobold and a
rat.

Vanquished Creatures
  An adder (D:3)
  3 dart slugs
  2 orcs (D:3)
  5 bats
  5 endoplasms
  3 giant cockroaches
  5 hobgoblins
  5 jackals (D:2)
  A kobold (D:1)
  2 quokkas (D:1)
  6 ball pythons
  A frilled lizard (D:2)
  3 rats
42 creatures vanquished.

Notes
Turn   | Place    | Note
-------+----------+-------------------------------------------
     0 | D:1      | HallandMoats the Ghoul Fighter began the quest for the Orb.
     0 | D:1      | Reached XP level 1. HP: 19/19 MP: 0/0
   143 | D:1      | Reached XP level 2. HP: 25/26 MP: 1/1
   849 | D:2      | Reached XP level 3. HP: 31/31 MP: 2/2
   873 | D:2      | Identified the +0 dagger of the Skies Above {flame, rC-
                  | rCorr Dex+4 SInv}
  1032 | D:2      | Found a faded altar of an unknown god.
  1552 | D:2      | Found Dafinuj's Magic Scroll Emporium.
  1560 | D:2      | Bought 3 scrolls of identify for 66 gold pieces
  1775 | D:2      | Prayed at the altar of an unknown god.
  1775 | D:2      | Became a worshipper of Lugonu the Unformed
  1775 | D:2      | Reached * piety under Lugonu
  1775 | D:2      | Reached ** piety under Lugonu
  1827 | D:3      | Reached skill level 1 in Throwing
  1827 | D:3      | Reached skill level 1 in Invocations
  1827 | D:3      | Reached XP level 4. HP: 38/40 MP: 3/3
  1842 | D:3      | Found Quypt's Book Emporium.
  1943 | D:3      | Slain by an orc wizard

Illustrated notes

Levels and vault maps discovered:
D:1:      dpeg_arrival_refuge, layout_loops_ring
D:2:      kennysheep_big_flooded_room, layout_basic, serial_shops, shop,
          basic_ecumenical_altar, basic_altar, minmay_misc_feat_tower
D:3:      layout_loops_corners, lightli_temple_of_fire, serial_shops, shop,
          gup_sewer_entry_bubbles, minmay_diced_spiral

Skill      XL: |  1  2  3 |
---------------+----------+-----
Throwing       | 1 |  1.0
Invocations    | 1 |  1.0
Fighting       | |  3.9
Armour         | |  2.9
Dodging        | |  0.6
Shields        | |  2.9
Unarmed Combat | |  2.7

Action                   |  1- 3 |  4- 6 || total
-------------------------+-------+-------++-------
Melee: Unarmed           |    87 |       ||    87
       Dagger            |    89 |    41 ||   130
Armor: Scale mail        |    95 |    17 ||   112
Dodge: Dodged            |    78 |    14 ||    92
Block: Buckler           |    33 |    11 ||    44

Table legend: (Time is in decaauts)
 A = Elapsed time spent in this place.
 B = Non-inter-level travel time spent in this place.
 C = Inter-level travel time spent in this place.
 D = Time resting spent in this place.
 E = Time spent auto-exploring this place.
 F = Levels seen in this place.
 G = Mean time per level.
                   A        B        C        D        E       F      G
               +--------+--------+--------+--------+--------+-----+--------+
         Total |   1948 |   1847 |    101 |      0 |   1470 |   3 |  649.3 |
       Dungeon |   1948 |   1847 |    101 |      0 |   1470 |   3 |  649.3 |
               +--------+--------+--------+--------+--------+-----+--------+

Top non-repeatable levels by time:
     D:2: 959 daAuts
     D:1: 824 daAuts
     D:3: 163 daAuts
